 Dungeon Crawl Stone Soup version 0.30-a0-365-ge7f957f1db (webtiles) character file.

Game seed: 11415966127304945387

1327 Zonian the Ducker (level 8, -1/50 HPs)
             Began as a Djinni Ice Elementalist on Nov 18, 2022.
             Was an Initiate of Cheibriados.
             Killed from afar by Dowan (24 damage)
             ... with a shard of ice
             ... on level 6 of the Dungeon.
             The game lasted 00:16:24 (6587 turns).

Zonian the Ducker (Djinni Ice Elementalist)         Turns: 6587, Time: 00:16:24

Health: -1/50      AC:  6    Str:  8    XL:     8   Next: 91%
Gold:   340        EV: 15    Int: 22    God:    Cheibriados [......] SH:  0 Dex: 16

rFire   + + .      SeeInvis .    r - +7 dagger of Diter {freeze, rC+ Int+3}
rCold   . . .      Faith    .    (no shield)
rNeg    . . .      Spirit   .    a - +0 robe
rPois   ∞          Reflect  .    (no helmet)
rElec   .          Harm     .    n - +1 cloak
rCorr   .          Rampage  .    o - +1 pair of gloves
Will    .....                    (boots unavailable)
Stlth   +++.......               (no amulet)
HPRegen 0.28/turn                (no ring)
MPRegen 0.00/turn                (no ring)

@: flying, very slightly contaminated, very slow
A: sickness immunity, fire resistance 2, cold vulnerability 1, float, innate
caster, HP casting, extra vitality 1
a: Renounce Religion


You were on level 6 of the Dungeon.
You worshipped Cheibriados.
Cheibriados was noncommittal.
You visited 2 branches of the dungeon, and saw 7 of its levels.

You collected 340 gold pieces.

Inventory:

Hand Weapons
 d - a +0 dagger
 g - a +2 trident of protection
 m - a +0 triple sword
 r - the +7 dagger of Diter (weapon) {freeze, rC+ Int+3}
   (You found it on level 3 of the Dungeon)

   It freezes those it strikes, dealing additional cold damage.
   It can also slow down cold-blooded creatures.
   Int:       It affects your intelligence (+3).
   rC:        It protects you from cold.
 s - a +7 flail of venom
 y - a +0 antimagic rapier
Missiles
 p - 9 poisoned darts
Armour
 a - a +0 robe (worn)
 k - a scarf of repulsion
 n - a +1 cloak (worn)
 o - a +1 pair of gloves (worn)
 w - a +4 scale mail of cold resistance
Jewellery
 q - a ring of protection from cold
 v - a ring of see invisible
Scrolls
 b - a scroll of blinking
 i - a scroll of poison
 u - 3 scrolls of enchant armour
Potions
 c - 2 potions of flight
 e - 2 potions of cancellation {unknown}
 f - 2 potions of lignification
 h - 4 potions of degeneration {unknown}
 j - 2 potions of magic {unknown}
 l - 2 potions of curing {unknown}
 t - 2 potions of might {unknown}
 x - a potion of ambrosia {unknown}
 z - 2 potions of attraction {unknown}
 A - a potion of heal wounds {unknown}


   Skills:
 + Level 6.7 Dodging
 + Level 5.5 Stealth
 + Level 5.6 Spellcasting


You had 2 spell levels left.
You knew the following spells:

 Your Spells              Type           Power      Damage    Failure   Level
a - Freeze                Ice            100%       1d10      1%          1
b - Frozen Ramparts       Ice            60%        1d10      2%          3
c - Ozocubu's Armour      Ice            30%        N/A       2%          3
d - Summon Ice Beast      Ice/Summ       30%        N/A       10%         4
e - Slow                  Hex            100%       N/A       1%          1
f - Passwall              Tmut/Erth      25%        N/A       1%          2
g - Static Discharge      Conj/Air       60%        2-5/arc   1%          2
Your spell library was empty.

Dungeon Overview and Level Annotations

Branches:
Dungeon (6/15)             Temple (1/1) D:6

Altars:
Cheibriados
Dithmenos
Gozag
Hepliaklqana
Nemelex Xobeh
Qazlal
Ru
Trog
Uskayaw
Wu Jian
Xom
Yredelemnul
Zin
The Shining One

Annotations:
D:6 Dowan


Innate Abilities, Weirdness & Mutations

You are immune to sickness and miasma.
You are immune to poison.
Your flesh is very heat resistant. (rF++)
You are vulnerable to cold. (rC-)
You float through the air rather than walking.
You learn spells naturally, not from books.
Your magical power is your life essence.
You have superior vitality. (+4 MHP)


Message History

Casting: Ozocubu's Armour (dangerous; 2% risk of failure)
Confirm with . or Enter, or press ? or * to list all spells.
Okay, then.
Casting: Ozocubu's Armour (dangerous; 2% risk of failure)
Confirm with . or Enter, or press ? or * to list all spells.
Casting: Frozen Ramparts (dangerous; 2% risk of failure)
Press: ? - help, Dir - look around, f - activate You miscast Frozen Ramparts.
You are very lightly contaminated with residual magic.
Nothing appears to happen.
Dowan seems to find hidden reserves of power!
Unknown command.
Unknown command.
Unknown command.
Casting: Frozen Ramparts (dangerous; 2% risk of failure)
Confirm with . or Enter, or press ? or * to list all spells.
Casting: Frozen Ramparts (dangerous; 2% risk of failure)
Press: ? - help, Dir - look around, f - activate The walls around you are covered in ice.
The wall freezes Dowan.
Dowan closely misses you.
Unknown command.
You barely miss Dowan.
Dowan is lightly wounded.
The wall freezes Dowan.
Dowan barely misses you.
The wall freezes Dowan but does no damage.
Dowan mumbles some strange words.
Dowan blinks!
Your icy armour cracks and falls away as you move.
The frozen ramparts melt away as you move.
Things that are here:
a +0 rapier; a +0 ring mail; 2 dark potions Unknown command.
You hit Dowan. You freeze Dowan.
Dowan is moderately wounded.
Dowan hits you but does no damage.
You puncture Dowan! You freeze Dowan.
Dowan is severely wounded.
Dowan gestures at you while chanting. The shard of ice hits you!!
You die...

...........##.#.....##......
....##..####.#...<[....####
...)...#..###......#....####
........#............##....[
........##..........####.##.
............##.?....# #P.P>.
..).........####....####.##.
.......##............P#...#.
.....#.##.#@#.......)...>.).
....#....#e#.###.##)P#...#P
##.###....##>##))##.### #.
##...#..###....P.#
#.####.#...###.....#.#
...$............>.....
.e...##..#####....##.# e...
....... ####.##.. .#.
#######..# #...#.


You could see Dowan (fast).

Vanquished Creatures
  Edmund (D:5)
  Duvessa (D:6)
  An ice beast (D:5)
  3 ogres
  A centaur (D:5)
  3 phantoms
  A scorpion (D:4)
  A hound (D:3)
  2 jellies
  An orc priest (D:6)
  2 orc wizards
  4 gnolls (D:2)
  5 adders
  A white imp (D:5)
  6 worms
  4 dart slugs
  16 orcs
  8 endoplasms
  2 giant cockroaches
  5 goblins
  4 hobgoblins
  10 kobolds
  6 quokkas
  6 ball pythons
  4 bats
  A frilled lizard (D:1)
  2 rats (D:1)
101 creatures vanquished.

Vanquished Creatures (collateral kills)
  A hound (D:5)
1 creature vanquished.

Vanquished Creatures (others)
  2 plants (D:6)
2 creatures vanquished.

Grand Total: 104 creatures vanquished

Notes
Turn   | Place    | Note
-------+----------+-------------------------------------------
     0 | D:1      | Zonian the Djinni Ice Elementalist began the quest for the
                  | Orb.
     0 | D:1      | Zonian set off with the following spells memorised: Freeze,
                  | Frozen Ramparts, Ozocubu's Armour, Summon Ice Beast.
     0 | D:1      | Reached XP level 1. HP: 15/15 MP: 0/0
    70 | D:1      | Reached XP level 2. HP: 15/21 MP: 0/0
   321 | D:1      | Reached XP level 3. HP: 24/25 MP: 0/0
   321 | D:1      | Learned a level 1 spell: Slow
   914 | D:2      | Reached skill level 3 in Dodging
   914 | D:2      | Reached XP level 4. HP: 18/31 MP: 0/0
  1872 | D:3      | Reached XP level 5. HP: 35/35 MP: 0/0
  1872 | D:3      | Learned a level 2 spell: Passwall
  1942 | D:3      | Noticed a phantom
  2008 | D:3      | Identified the +7 dagger of Diter {freeze, rC+ Int+3}
  2742 | D:3      | Killed a phantom
  2743 | D:3      | Reached skill level 4 in Dodging
  2743 | D:3      | Reached XP level 6. HP: 30/40 MP: 0/0
  3147 | D:4      | Reached XP level 7. HP: 26/45 MP: 0/0
  3147 | D:4      | Learned a level 2 spell: Static Discharge
  4064 | D:4      | Reached skill level 5 in Dodging
  4229 | D:5      | Entered Level 5 of the Dungeon
  4278 | D:5      | Noticed Edmund
  4296 | D:5      | Killed Edmund
  4754 | D:5      | Reached XP level 8. HP: 14/50 MP: 0/0
  5012 | D:5      | Reached skill level 5 in Spellcasting
  5086 | D:5      | Reached skill level 6 in Dodging
  5137 | D:5      | Reached skill level 5 in Stealth
  6125 | D:6      | Found a staircase to the Ecumenical Temple.
  6212 | Temple   | Entered the Ecumenical Temple
  6379 | Temple   | Became a worshipper of Cheibriados the Contemplative
  6472 | D:6      | Noticed Dowan
  6562 | D:6      | Noticed Duvessa
  6580 | D:6      | Killed Duvessa
  6587 | D:6      | Killed from afar by Dowan

Illustrated notes

Levels and vault maps discovered:
D:1:      nzn_arrival_depleted_hourglass, layout_basic
D:2:      layout_loops_ring, kennysheep_cross_bottleneck
D:3:      layout_basic
D:4:      layout_basic, grunt_ministairs_8
D:5:      layout_loops_cross, kennysheep_pointless_box, uniq_edmund
D:6:      layout_rooms, minmay_temple_entry_gardened_gates, serial_shops,
          nicolae_shop_behind_doors, uniq_pikel, uniq_sigmund, uniq_duvessa
Temple:   minmay_temple_bridge_d

Skill      XL: |  1  2  3  4  5  6  7  8 |
---------------+-------------------------+-----
Stealth        | 2 3 4 5 |  5.5
Dodging        | 3 4 5 6 |  6.7
Spellcasting   | 4 5 |  5.6

Action                   |  1- 3 |  4- 6 |  7- 9 || total
-------------------------+-------+-------+-------++-------
Melee: Unarmed           |     8 |       |       ||     8
       Trident           |    21 |    43 |       ||    64
       Dagger            |     1 |    56 |   101 ||   158
       Punch             |       |     1 |     1 ||     2
Throw: Dart              |       |       |     4 ||     4
 Cast: Freeze            |    32 |    15 |     2 ||    49
       Slow              |       |     1 |     6 ||     7
       Ozocubu's Armour  |       |     1 |     2 ||     3
       Frozen Ramparts   |       |     1 |     8 ||     9
       Static Discharge  |       |       |     2 ||     2
       Summon Ice Beast  |       |       |     1 ||     1
  Use: Potion            |       |     1 |       ||     1
       Scroll            |       |       |    10 ||    10
 Stab: Sleeping          |     5 |     8 |     6 ||    19
Armor: Robe              |     9 |    13 |    17 ||    39
       Skin              |       |     3 |       ||     3
Dodge: Dodged            |    21 |    65 |    51 ||   137

Table legend: (Time is in decaauts)
 A = Elapsed time spent in this place.
 B = Non-inter-level travel time spent in this place.
 C = Inter-level travel time spent in this place.
 D = Time resting spent in this place.
 E = Time spent auto-exploring this place.
 F = Levels seen in this place.
 G = Mean time per level.
                   A        B        C        D        E       F      G
               +--------+--------+--------+--------+--------+-----+--------+
         Total |   6645 |   6412 |    233 |   1768 |   3095 |   7 |  949.3 |
       Dungeon |   6452 |   6244 |    208 |   1768 |   3000 |   6 | 1075.3 |
        Temple |    192 |    167 |     25 |      0 |     95 |   1 |  192.0 |
               +--------+--------+--------+--------+--------+-----+--------+

Top non-repeatable levels by time:
     D:5: 1689 daAuts
     D:4: 1448 daAuts
     D:2: 1080 daAuts
     D:3: 995 daAuts
     D:1: 772 daAuts
     D:6: 465 daAuts
  Temple: 192 daAuts
